AoeStats
← eugenioragni1

Pilgrims

507056736Analyzed
3v3 RM · 14d ago on Sep 16, 2026· 44m 17s· 6 players
Game mode
Random Map
Map size
Normal (6 player)
Population
200
Speed
Normal
Resources
Standard
Victory
Conquest
Starting age
Dark Age
Ending age
Imperial Age
RankedLock teamsTeams togetherTeam positionsShared explorationLock speedFull tech treeHidden civsTurbo modeCheats
Victory
Defeat
🇨🇳 Japanese · China
921
+13
🇨🇳 Japanese · China
856
+16
🇦🇺 Persians · Australia
823
+17
🇫🇮 Bulgarians · Finland
869
-16
🇫🇷 Spanish · France
850
-15
🇮🇹 Dravidians · Italy
837
-15
Vesapati
11:36 Feudal Age
16:16 Castle Age
34:09 Imperial Age
36:49 Gambesons
38:10 Forging
38:01 Scale Mail Armor
38:01 Arson
38:18 Squires
39:18 Wheelbarrow
42:36 Iron Casting
42:08 Scale Barding Armor
Pouet
eugenioragni1
12:13 Feudal Age
14:18 Wheelbarrow
17:43 Castle Age
16:35 Fishing Lines
19:34 Stone Mining
19:34 Double-Bit Axe
20:57 Forging
20:53 Scale Barding Armor
23:36 Gillnets
25:07 Fletching
26:24 Iron Casting
27:03 Scale Mail Armor
27:00 Bodkin Arrow
28:49 Chain Barding Armor
39:29 Imperial Age
37:58 Chain Mail Armor
品哥揍老外
13:57 Feudal Age
15:09 Fishing Lines
15:36 Double-Bit Axe
16:55 Scale Mail Armor
17:06 Forging
19:10 Castle Age
18:44 Gold Mining
18:45 Stone Mining
20:29 Medium Warships
20:56 Bow Saw
21:23 Gillnets
22:13 Treadmill Crane
22:44 Clinker Construction
23:25 Arson
23:40 Squires
23:52 Fletching
24:17 Chain Mail Armor
24:38 Iron Casting
27:51 Imperial Age
26:38 Pikeman
28:08 Halberdier
29:26 Conscription
30:34 Two-Man Saw
30:25 Plate Mail Armor
34:10 Blast Furnace
33:40 Bodkin Arrow
34:23 Elite Samurai
36:11 Wheelbarrow
35:24 Loom
37:10 Ballistics
37:01 Masonry
38:01 Kataparuto
40:14 Hand Cart
39:44 Town Watch
41:15 Bracer
44:01 Ballistics
43:47 Siege Engineers
43:53 Masonry
44:44 Chemistry
44:04 Carvel Hull
noremorse
4:57 Loom
11:50 Feudal Age
17:33 Castle Age
24:43 Bloodlines
33:50 Stone Mining
43:40 Wheelbarrow
MIG99
Connection lost

Rejoining the realm…

Still unreachable

The connection could not be restored.

Session expired

The server has moved on; the page needs a fresh start.